 Dungeon Crawl Stone Soup version 0.32-a0-485-g70f7560b1c (webtiles) character file.

Game seed: 17061931960707980061

15904 bearlyready the Cleaver (level 12, -18/90 (95) HPs)
             Began as a Coglin Monk on Feb 26, 2024.
             Was a High Priest of Trog.
             Demolished by a death knight
             ... wielding a +0 great sword of pain
              (27 damage)
             ... on level 12 of the Dungeon on Feb 27, 2024.
             The game lasted 00:24:43 (12142 turns).

bearlyready the Cleaver (Coglin Monk)              Turns: 12142, Time: 00:24:43

HP:   -18/90 (95)   AC: 15    Str: 15    XL:     12   Next: 31%
MP:   12/12         EV:  8    Int:  9    God:    Trog [*****.]
Gold: 794           SH:  0    Dex: 17    Spells: 11/11 levels left

rFire   . . .        S - +4 hand axe (flame) {Lars}
rCold   + . .        N - +0 war axe {Hana}
rNeg    . . .        l - +2 chain mail {rC+}
rPois   .            m - +0 helmet
rElec   .            G - +0 cloak {Stlth+}
rCorr   .            O - +1 pair of gloves "Getsod" {Regen+ SInv}
SInv    +            E - +0 pair of boots
Will    .....        b - amulet of faith Stlth
                     (ring unavailable)
HPRegen 1.15/turn    (ring unavailable)
MPRegen 0.13/turn

%: faith
@: drained
A: off-hand wielding, slow wielding, warmup strikes, no rings, dopey 1
a: Renounce Religion, Berserk, Trog's Hand, Brothers in Arms


You were on level 12 of the Dungeon.
You worshipped Trog.
Trog was extremely pleased with you.
You visited 3 branches of the dungeon, and saw 14 of its levels.

You collected 794 gold pieces.

Inventory:

Hand Weapons
 c - a +0 war axe {Qiuyue}
 N - a +0 war axe (offhand) {Hana}
 S - a +4 hand axe of flaming (weapon) {Lars}
Armour
 a - +0 steam dragon scales
 d - an orb of light
 l - a +2 chain mail of cold resistance (worn)
 m - a +0 helmet (worn)
 x - the +3 leather armour of Uskayaw, Bedazzling {rPois Will- Str+3}
   (You found it on level 7 of the Dungeon)

   Str+3:     It affects your strength (+3).
   rPois:     It protects you from poison Will-: It decreases your willpower.
 E - a +0 pair of boots (worn)
 G - a +0 cloak of stealth (worn)
 L - the +0 robe of Okawaru {Harm rPois Will- Str-4}
   (You found it on level 7 of the Dungeon)

   Str-4:     It affects your strength (-4).
   rPois:     It protects you from poison Will-: It decreases your willpower.
   Harm:      It increases damage dealt and taken.
 O - the +1 pair of gloves "Getsod" (worn) {Regen+ SInv}
   (You found it on level 9 of the Dungeon)

   SInv:      It lets you see invisible.
   Regen+:    It increases your rate of health regeneration.
Jewellery
 b - an amulet of faith (around neck)
 F - the amulet of Elemental Vulnerability {rPois rF-- rC-- AC+8}
   (You found it on level 4 of the Dungeon)

   [amulet of nothing]

   AC+8:      It affects your AC (+8).
   rF--:      It makes you very vulnerable to fire.
   rC--:      It makes you very vulnerable to cold.
   rPois:     It protects you from poison
Wands
 s - a wand of digging (7)
 v - a wand of flame (2)
 y - a wand of paralysis (4)
 B - a wand of light (3)
 H - a wand of polymorph (6)
Scrolls
 e - 3 scrolls of poison
 f - a scroll of butterflies
 h - 2 scrolls of immolation
 j - 2 scrolls of blinking
 n - 3 scrolls of teleportation
 r - 2 scrolls of silence
 u - a scroll of fear
 w - 3 scrolls of amnesia
 z - 3 scrolls of noise
 C - 4 scrolls of vulnerability
 K - a scroll of enchant armour
 P - a scroll of enchant weapon {unknown}
Potions
 g - a potion of haste
 i - 5 potions of mutation
 k - a potion of invisibility
 o - a potion of resistance
 p - a potion of brilliance
 q - a potion of cancellation
 t - 2 potions of heal wounds {unknown}
 A - a potion of magic {unknown}
 D - 2 potions of might
 I - a potion of attraction {unknown}
 J - a potion of curing {unknown}
 M - a potion of lignification {unknown}
 Q - a potion of berserk rage {unknown}
 R - a potion of degeneration {unknown}


   Skills:
 - Level 9.0 Fighting
 + Level 14.8 Axes
 - Level 2.6 Dodging
 + Level 13.3 Evocations


You had 11 spell levels left.
You didn't know any spells.
Your spell library contained the following spells:

 Spells                   Type           Power      Damage    Failure   Level
 Blink                    Tloc           0%         N/A       100%        2
 Lesser Beckoning         Tloc           0%         N/A       100%        2
 Momentum Strike          Conj/Tloc      0%         3d8       100%        2


Dungeon Overview and Level Annotations

Branches:
Dungeon (12/15)            Temple (1/1) D:4            Lair (0/5) D:11
    Orc (1/2) D:9

Altars:
Ashenzari
Cheibriados
Dithmenos
Elyvilon
Fedhas
Gozag
Hepliaklqana
Kikubaaqudgha
Makhleb
Okawaru
Qazlal
Ru
Sif Muna
Trog
Uskayaw
Vehumet
Wu Jian
Xom
Yredelemnul
Zin
The Shining One

Shops:
D:12 *


Innate Abilities, Weirdness & Mutations

You can wield a second weapon in your off-hand.
It takes a long time for you to wield or remove held weapons.
Your first few attacks do less damage.
Your grasper-arms cannot wear rings.
You are dopey. (Int -2)


Message History

The death knight is moderately wounded.
You hit the death knight with your +4 hand axe of flaming.
You burn the death knight.
The death knight hits you with a +0 great sword of pain!
You writhe in agony.
* * * LOW HITPOINT WARNING * * *
You hit the death knight with your +0 war axe.
The death knight is moderately wounded.
You hit the death knight but do no damage.
Aiming: Paralyse
Press: ? - help, Shift-Dir - straight line, f/p - death knight
Aim: a death knight, wielding a +0 great sword of pain and wearing a +0 chain mail (moderately wounded, chance to affect: 26%)
The death knight easily resists.
The death knight offers itself to Yredelemnul, and fills with unholy energy.
Aiming: Paralyse
Press: ? - help, Shift-Dir - straight line, f/p - death knight
Aim: a death knight, wielding a +0 great sword of pain and wearing a +0 chain mail (moderately wounded, reflecting injuries, chance to affect: 26%)
The death knight easily resists.
The death knight mumbles some strange prayers to Yredelemnul against you.
Your body is wracked with pain!
* * * LOW HITPOINT WARNING * * *
Aiming: Paralyse
Press: ? - help, Shift-Dir - straight line, f/p - death knight
Aim: a death knight, wielding a +0 great sword of pain and wearing a +0 chain mail (moderately wounded, reflecting injuries, chance to affect: 26%)
The death knight easily resists.
The death knight hits you with a +0 great sword of pain.
* * * LOW HITPOINT WARNING * * *
Aiming: Paralyse
Press: ? - help, Shift-Dir - straight line, f/p - death knight
Aim: a death knight, wielding a +0 great sword of pain and wearing a +0 chain mail (moderately wounded, reflecting injuries, chance to affect: 26%)
The death knight easily resists.
The death knight mumbles some strange prayers to Yredelemnul against you.
Your body is wracked with pain!
* * * LOW HITPOINT WARNING * * *
Aiming: Paralyse
Press: ? - help, Shift-Dir - straight line, f/p - death knight
Aim: a death knight, wielding a +0 great sword of pain and wearing a +0 chain mail (moderately wounded, reflecting injuries, chance to affect: 26%)
The death knight easily resists.
The death knight hits you with a +0 great sword of pain!!
You die...

#..........................
#..........................
#..........................
#......................####
#######....##..........####
#....##.............#
#....##.............#
#....##..p..........#
#...@##.............#
#...p##...#########.'
#.........# #<' #.........#
#.# #...###...# #.# #...
#...# #J# #... #...# #.#
#... #...# #.. .... .....
...


You could see a death knight (reflects damage).

Vanquished Creatures
  An entropy weaver (shapeshifter) (D:9)
  A two-headed ogre (D:9)
  Nergalle (D:10)
  An ugly thing (D:9)
  Maurice (D:7)
  A manticore (D:10)
  A cyclops (D:10)
  2 kobold demonologists (D:9)
  4 komodo dragons
  5 slime creatures (D:12)
  2 wraiths (D:10)
  A shadow (D:10)
  A vampire (D:12)
  A wyvern (D:9)
  A basilisk (D:11)
  27 yaks
  Grum (D:9)
  2 steam dragons
  A vampire mosquito (D:10)
  4 water moccasins
  8 orc warriors
  3 ice beasts (D:7)
  2 sky beasts
  2 laughing skulls (D:12)
  3 wolves (D:9)
  5 centaurs
  An ogre (Orc:1)
  2 kobold brigands (D:9)
  5 bullfrogs
  5 scorpions
  6 killer bees
  2 howler monkeys
  2 vampire bats (D:6)
  2 electric eels (D:8)
  6 hounds
  A gnoll bouda (D:4)
  2 jellies
  6 orc priests
  6 iguanas
  11 orc wizards
  A sleepcap (D:4)
  A hell rat (D:11)
  Robin (D:2)
  5 gnolls (D:4)
  6 adders
  A river rat (D:11)
  A white imp (D:6)
  2 ufetubi (D:5)
  4 dart slugs
  4 ribbon worms
  38 orcs
  5 bat skeletons (D:6)
  A bat zombie (D:6)
  8 endoplasms
  3 giant cockroaches
  15 goblins
  10 hobgoblins
  8 jackals
  5 quokkas
  11 ball pythons
  5 bats
  3 frilled lizards
  14 kobolds
  6 rats
297 creatures vanquished.

Vanquished Creatures (others)
  2 yaks (D:10)
2 creatures vanquished.

Grand Total: 299 creatures vanquished

Notes
Turn   | Place    | Note
-------+----------+-------------------------------------------
     0 | D:1      | bearlyready the Coglin Monk began the quest for the Orb.
     0 | D:1      | Reached XP level 1. HP: 18/18 MP: 1/1
   268 | D:1      | Reached XP level 2. HP: 24/24 MP: 2/2
   341 | D:1      | Reached skill level 4 in Axes
   415 | D:1      | Reached XP level 3. HP: 28/29 MP: 3/3
   922 | D:2      | Noticed Robin
   946 | D:2      | Killed Robin
   947 | D:2      | Reached XP level 4. HP: 19/35 MP: 4/4
  1283 | D:2      | Reached skill level 5 in Axes
  1965 | D:2      | Reached XP level 5. HP: 41/41 MP: 5/5
  2082 | D:2      | You fall into a shaft and drop 2 floors!
  2108 | D:4      | Found a staircase to the Ecumenical Temple.
  2132 | D:4      | Reached skill level 6 in Axes
  2141 | Temple   | Entered the Ecumenical Temple
  2158 | Temple   | Became a worshipper of Trog the Wrathful
  2158 | Temple   | Reached * piety under Trog
  2158 | Temple   | Reached ** piety under Trog
  2554 | D:4      | Reached XP level 6. HP: 5/47 MP: 6/6
  3012 | D:3      | Reached skill level 7 in Axes
  3520 | D:3      | Found a faded altar of an unknown god.
  3553 | D:4      | Reached XP level 7. HP: 52/52 MP: 7/7
  3772 | D:4      | Reached *** piety under Trog
  4399 | D:4      | Found the amulet of Elemental Vulnerability {rPois rF--
                  | rC-- AC+8}
  4498 | D:5      | Entered Level 5 of the Dungeon
  4545 | D:5      | Reached skill level 8 in Axes
  4591 | D:5      | Reached skill level 5 in Fighting
  4596 | D:5      | Reached XP level 8. HP: 36/62 MP: 8/8
  5545 | D:6      | Reached skill level 9 in Axes
  5846 | D:6      | Found an ancient bone altar of Kikubaaqudgha.
  6834 | D:7      | Reached XP level 9. HP: 44/72 MP: 9/9
  7250 | D:7      | Noticed Maurice
  7255 | D:7      | Maurice stole the amulet of Elemental Vulnerability {rPois
                  | rF-- rC-- AC+8}
  7258 | D:7      | Maurice stole a +2 dagger of protection {Ilse}
  7261 | D:7      | Killed Maurice
  7262 | D:7      | Reached skill level 10 in Axes
  7352 | D:7      | Identified the +3 leather armour of Uskayaw, Bedazzling
                  | {rPois Will- Str+3}
  7569 | D:7      | Found a hazy altar of Hepliaklqana.
  7600 | D:7      | Reached **** piety under Trog
  7660 | D:7      | Found a stormy altar of Qazlal.
  7763 | D:7      | Identified the +0 robe of Okawaru {Harm rPois Will- Str-4}
  8187 | D:8      | Reached skill level 11 in Axes
  8221 | D:8      | Found a glowing silver altar of Zin.
  8341 | D:8      | Found a shimmering blue altar of Sif Muna.
  8344 | D:8      | Reached skill level 1 in Evocations
  8356 | D:8      | Identified the orb of Lifelessness {light, Stlth+}
  8489 | D:8      | Noticed a centaur warrior
  8554 | D:8      | Reached XP level 10. HP: 81/83 MP: 10/10
  8832 | D:9      | Identified the +1 pair of gloves "Getsod" {Regen+ SInv}
  8942 | D:9      | Reached skill level 5 in Evocations
  9006 | D:9      | Found a glowing golden altar of the Shining One.
  9218 | D:9      | Noticed a kobold demonologist
  9221 | D:9      | Noticed a kobold demonologist
  9229 | D:9      | Killed a kobold demonologist
  9230 | D:9      | Reached skill level 12 in Axes
  9232 | D:9      | Noticed a sun demon
  9232 | D:9      | Killed a kobold demonologist
  9461 | D:9      | Found a staircase to the Orcish Mines.
  9501 | D:9      | Found a burning altar of Makhleb.
  9762 | D:9      | Noticed Grum
  9775 | D:9      | Reached ***** piety under Trog
  9783 | D:9      | Found a shadowy altar of Dithmenos.
  9787 | D:9      | Killed Grum
  9919 | D:10     | Entered Level 10 of the Dungeon
  9948 | D:10     | Noticed an occultist
  9949 | D:10     | Noticed a manticore
  9954 | D:10     | Reached XP level 11. HP: 67/89 MP: 11/11
  9957 | D:10     | Noticed a manticore
  9959 | D:10     | Noticed a two-headed ogre
  9991 | D:10     | Noticed a tengu warrior
  9992 | D:10     | Noticed Nergalle
  9995 | D:10     | Noticed a cyclops
 10016 | D:10     | Killed a cyclops
 10017 | D:10     | Reached skill level 13 in Axes
 10032 | D:10     | Gained mutation: You are dopey. (Int -2) [potion of
                  | mutation]
 10033 | D:10     | Noticed a white ugly thing
 10039 | D:10     | HP: 4/87 [yak (8)]
 10198 | D:10     | Killed a manticore
 10218 | D:10     | Killed Nergalle
 10219 | D:10     | Reached skill level 10 in Evocations
 10267 | D:10     | Noticed a cyan ugly thing
 10284 | D:9      | Killed a cyan ugly thing
 10299 | Orc:1    | Entered Level 1 of the Orcish Mines
 10552 | D:10     | Noticed an entropy weaver
 10592 | D:10     | Noticed a two-headed ogre
 10603 | D:9      | Killed an entropy weaver
 10671 | D:9      | Killed a two-headed ogre
 10672 | D:9      | Reached skill level 14 in Axes
 10719 | D:10     | Noticed a yaktaur captain
 10913 | D:11     | Reached XP level 12. HP: 60/95 MP: 12/12
 10986 | D:11     | Found a staircase to the Lair.
 11599 | D:12     | Found Cagoluk's General Store.
 11764 | D:12     | Received a gift from Trog
 12120 | D:12     | Noticed a death knight
 12142 | D:12     | Demolished by a death knight

Illustrated notes

Levels and vault maps discovered:
D:1:      minmay_arrival_checkered_box, layout_basic, hex_tiny
D:2:      layout_basic, minmay_heptomino_d4, uniq_robin
D:3:      layout_loops_ring, basic_ecumenical_altar,
          kennysheep_cross_bottleneck, minmay_misc_feat_encased
D:4:      layout_loops_cross, minmay_temple_entry_statues_fountains
D:5:      layout_basic, hangedman_decor_opposing, nicolae_underground_beach
D:6:      lemuel_ice_spiral_2, layout_basic, kennysheep_vampire_church,
          lightli_minifort
D:7:      layout_cave_pods, kennysheep_mini, kennysheep_little_box, uniq_maurice
D:8:      layout_rooms, mainiacjoe_overflow_boulevard,
          mainiacjoe_overflow_small_starburst, kennysheep_island_fort
D:9:      layout_loops_corners, mainiacjoe_overflow_alcove_1,
          mainiacjoe_overflow_six_doors_small, nicolae_tso_carved_into_rock,
          uniq_grum
D:10:     minmay_the_grid_square_5x5_4x4
          [minmay_the_grid_square_5x5_hollow_slash,
          minmay_the_grid_square_5x5_inner_v,
          minmay_the_grid_square_5x5_intrusive_squares,
          minmay_the_grid_square_5x5_z, minmay_the_grid_square_5x5_longway,
          minmay_the_grid_square_5x5_prize_deathbox,
          minmay_the_grid_square_5x5_prize_snowflake,
          minmay_the_grid_square_5x5_checkered_statues,
          minmay_the_grid_square_5x5_dogpile,
          minmay_the_grid_square_5x5_prize_monsterx,
          minmay_the_grid_square_5x5_prize_waves,
          minmay_the_grid_square_5x5_misaligned,
          minmay_the_grid_square_5x5_doubleslash,
          minmay_the_grid_square_5x5_eight_small,
          minmay_the_grid_square_5x5_spiral_small,
          minmay_the_grid_square_5x5_comb], layout_basic,
          mainiacjoe_overflow_brackets, uniq_josephine, uniq_nergalle,
          uniq_erolcha
D:11:     layout_cave_pools, dpeg_lair_monsters
D:12:     kennysheep_big_flooded_room, layout_small_grid, serial_shops, shop
Temple:   nicolae_temple_ecumenical_triangle
Orc:1:    layout_caves, serial_shops, shop

Skill      XL: |  1  2  3  4  5  6  7  8  9 10 11 12 |
---------------+-------------------------------------+-----
Axes           | 4 5 6 7 8 9 11 12 14 | 14.8
Fighting       | 5 7 9 |  9.0
Evocations     | 2 8 12 13 | 13.3
Dodging        | |  2.6

Action                     |  1- 3 |  4- 6 |  7- 9 | 10-12 || total
---------------------------+-------+-------+-------+-------++-------
  Melee: Hand axe          |    97 |   200 |   227 |    37 ||   561
         War axe           |       |    42 |   237 |   620 ||   899
 Invoke: Berserk           |       |       |     3 |     8 ||    11
         Trog's Hand       |       |       |       |     1 ||     1
  Evoke: Wand              |       |       |     1 |    14 ||    15
    Use: Potion            |     1 |     1 |       |     5 ||     7
         Scroll            |       |       |    11 |     8 ||    19
   Stab: Sleeping          |       |       |     2 |       ||     2
         Invisible         |       |       |       |     4 ||     4
         Paralysed         |       |       |       |    10 ||    10
 Armour: Robe              |    63 |    76 |       |       ||   139
         Scale mail        |       |    32 |   206 |       ||   238
         Leather armour    |       |       |    36 |   221 ||   257
         Chain mail        |       |       |       |   187 ||   187
  Dodge: Dodged            |    67 |   151 |   137 |   197 ||   552

Table legend: (Time is in decaauts)
 A = Elapsed time spent in this place.
 B = Non-inter-level travel time spent in this place.
 C = Inter-level travel time spent in this place.
 D = Time resting spent in this place.
 E = Time spent auto-exploring this place.
 F = Levels seen in this place.
 G = Mean time per level.
                   A        B        C        D        E       F      G
               +--------+--------+--------+--------+--------+-----+--------+
         Total |  12219 |  11622 |    597 |   1197 |   8146 |  14 |  872.8 |
       Dungeon |  12047 |  11482 |    565 |   1097 |   8146 |  12 | 1003.9 |
        Temple |    137 |    105 |     32 |    100 |      0 |   1 |  137.0 |
  Orcish Mines |     35 |     35 |      0 |      0 |      0 |   1 |   35.0 |
               +--------+--------+--------+--------+--------+-----+--------+

Top non-repeatable levels by time:
     D:6: 1812 daAuts
     D:9: 1753 daAuts
     D:2: 1272 daAuts
     D:7: 1259 daAuts
     D:4: 1214 daAuts
     D:3: 1023 daAuts
     D:1: 878 daAuts
    D:12: 768 daAuts
    D:11: 637 daAuts
     D:5: 621 daAuts
     D:8: 553 daAuts
    D:10: 253 daAuts
  Temple: 137 daAuts
   Orc:1: 35 daAuts
